[Event "DFMM-LV 2023"]
[Site "Braunfels"]
[Date "2023.06.09"]
[Round "1.1"]
[White "Birkholz, Olga"]
[Black "Agrest, Inna"]
[Result "1/2-1/2"]
[Annotator "TA"]
[ECO "A49"]
[WhiteElo "2005"]
[BlackElo "2287"]
[PlyCount "99"]
[EventDate "2023.06.09"]
[EventType "team-tourn"]
[EventCountry "GER"]
[SourceTitle "playchess.com"]
[Source "ChessBase"]
[SourceQuality "1"]
[TimeControl "40/5400+30:1800+30"]

1. Nf3 Nf6 2. g3 g6 3. Bg2 Bg7 4. O-O O-O 5. d4 d6 6. b3 a5 7. Bb2 a4 {[%emt 0:01:01] A49: 1 d4 Nf6 2 Nf3 g6 3 g3: Anti-King's Indian systems.} 8. c4 Nbd7 9. Qc2 (9. bxa4 Nb6 $15) 9... c6 {[%emt 0:06:37][%cal Oe7e5] White is slightly better.} 10. Nc3 (10. bxa4 Qa5 $11) 10... a3 11. Bc1 {[%emt 0:00:01] [#]} e5 $146 ({Predecessor:} 11... Qa5 12. h3 e5 13. e3 Re8 14. Rb1 Nf8 15. dxe5 dxe5 16. b4 Qc7 17. Rd1 Bf5 {1-0 Mahdavi,R (2324)-Mortazavi,A (2333) Titled Tuesday intern op 11th Apr Early blitz 2023 (3)}) 12. e3 Re8 13. Nb1 Nf8 14. Nxa3 e4 15. Nd2 Bf5 {[%emt 0:02:23][%mdl 1024] Black has compensation.} 16. Bb2 h5 17. Rfe1 (17. Rac1 $15) 17... N8h7 $17 18. Qc3 (18. Nab1 $142) 18... Qd7 {[%emt 0:04:41][%cal Oh5h4] aiming for ...h4!} 19. f3 Bh3 (19... Ng5 $1 $17 {Threatens to win with ...exf3.} 20. Rf1 exf3 21. Nxf3 Nxf3+ 22. Rxf3 d5) 20. Re2 {[%emt 0:09:25] [#]} (20. fxe4 Bxg2 21. Kxg2 Ng5 $19) (20. Nxe4 Nxe4 21. fxe4 Bxg2 22. Kxg2 h4 $17) (20. f4 $15) 20... h4 21. f4 (21. Nxe4 $2 Nxe4 22. fxe4 hxg3 $19) (21. fxe4 $2 hxg3 22. Bxh3 Qxh3 $19) (21. gxh4 $15 Bxg2 22. Rxg2) 21... Qg4 22. Rf2 Nh5 (22... hxg3 $17 23. hxg3 Qxg3) 23. Nf1 (23. Nxe4 $2 {perishes.} Bxg2 24. Rxg2 Rxe4 25. gxh4 Qf3 $19) (23. Bxh3 $1 $15 Qxh3 24. gxh4) 23... Bf6 (23... hxg3 $17 24. Nxg3 Nxg3 25. Bxh3 Qxh3 26. hxg3 Nf6) 24. Bxh3 $11 Qxh3 25. Rg2 hxg3 26. hxg3 (26. Nxg3 {simplifies} Ng7 27. Qd2 d5 28. cxd5 cxd5 29. Nb5) 26... g5 (26... Be7 $11) 27. Nc2 (27. Qd2 {simplifies} Qg4 28. Nc2 d5 29. cxd5 cxd5 30. Nh2) 27... Kh8 28. Qe1 {[%emt 0:03:58] And now Qd1 would win.} Rg8 {[%emt 0:00:53] [#]} 29. Rh2 (29. f5 $1 $16) 29... Qg4 30. Qd1 Qxd1 31. Rxd1 {[%emt 0:00:02] [#]} Nxg3 {[%emt 0:00:34][%mdl 64] Remove Defender} 32. a4 ({Don't play} 32. Nxg3 gxf4 33. Ba3 (33. exf4 $2 Rxg3+ 34. Rg2 Rxg2+ 35. Kxg2 Rxa2 $17) 33... Rxg3+ 34. Kf2 Rf3+ 35. Ke2 Rxa3 36. Nxa3 Rxe3+ 37. Kf1 (37. Kf2 $2 Kg7 $19) 37... Kg7 $17) 32... gxf4 33. exf4 Ne2+ {[%emt 0:01:22][%mdl 64] Discovered Attack (Double check)} 34. Kf2 Nxf4 {[%emt 0:00:05] ...Nd3+ is the strong threat.} 35. Ba3 Nd3+ (35... c5 {is more complex.} 36. Ke3 Ne6 37. dxc5 Be5) 36. Ke2 Nf4+ (36... Rg1 $142) 37. Ke3 Bg5 38. Bxd6 Nd5+ {[%emt 0:00:39][%mdl 64] Discovered Attack (Double check)} 39. Kf2 $1 Nc3 (39... Rad8 $1 $14 40. Be5+ f6 41. cxd5 fxe5) 40. Re1 $16 {[%emt 0:00:00] Strongly threatening Ng3.} e3+ {[%emt 0:00:18] [#]} ({Black should play} 40... Rg6) 41. Rxe3 ({White must play} 41. Kf3 $1 $16 Rg6 42. Be5+ f6 43. Bd6) 41... Nd1+ 42. Kf3 {[%emt 0:00:00] Hoping for Re1.} Nxe3 43. Ncxe3 Rg6 (43... Rae8 $5 ) 44. Nf5 Rd8 45. c5 Kg8 46. N1g3 Rd7 (46... Re8 $11 {should be considered.}) 47. Ne4 (47. b4 $1 $14 {deserves consideration.}) 47... Bd8 $11 {[%emt 0:01:13] The position is equal.} 48. Nh6+ {[%emt 0:00:00] Excellent horsemanship.} Kg7 49. Nf5+ Kg8 50. Nh6+ {[%emt 0:00:00] Weighted Error Value: White=0.23 (precise) /Black=0.22 (precise)} 1/2-1/2

[Event "DFMM-LV 2023"]
[Site "Braunfels"]
[Date "2023.06.09"]
[Round "1.2"]
[White "Voicu-Jagodzinsky, Carmen"]
[Black "Stangl, Anita"]
[Result "0-1"]
[Annotator "TA"]
[ECO "D46"]
[WhiteElo "2297"]
[BlackElo "2009"]
[PlyCount "80"]
[EventDate "2023.06.09"]
[EventType "team-tourn"]
[EventCountry "GER"]
[SourceTitle "playchess.com"]
[Source "ChessBase"]
[SourceQuality "1"]
[TimeControl "40/5400+30:1800+30"]

1. d4 e6 2. c4 d5 3. Nc3 c6 4. e3 Bd6 5. Qc2 Nd7 6. Bd2 Ngf6 7. Nf3 O-O 8. Be2 dxc4 9. Bxc4 e5 10. O-O exd4 {[%emt 0:09:33] D46: Semi-Slav: 5 e3 Nbd7 6 Bd3, Black avoids the Meran.} 11. Nxd4 Ne5 12. Be2 {[%emt 0:00:38] [#]} Nfg4 $146 ({Black should play} 12... Re8 $11) ({Predecessor:} 12... Bg4 13. Bxg4 Nexg4 14. h3 Ne5 15. Rad1 Re8 16. e4 Bc5 17. Nb3 Bb6 18. Na4 Qd3 19. Qxd3 Nxd3 20. Nxb6 axb6 {½-½ Obsivac,J (2334)-Volodin,V (2245) Cartak IM 2005 (2)}) 13. f4 $14 Ng6 (13... Qh4 $2 14. h3 $18 (14. fxe5 $2 Qxh2#)) 14. h3 (14. Bxg4 $5 Bxg4 15. h3 $11) 14... Nh6 (14... Nf6 $11) 15. Nf3 (15. Rad1 {seems wilder.} Bxf4 16. Nxc6 Qc7 17. exf4 Qxc6 18. Bc1) 15... Re8 16. Bd3 Bc5 17. Ne4 (17. Rad1 $1 $16) 17... Bb6 18. Kh1 $1 Nf5 19. Rfe1 (19. Rae1 $14) 19... Nfh4 (19... h6 $11 {keeps the balance.}) 20. Neg5 $16 {[%emt 0:00:50] Nxh4 would be deadly.} h6 {[%emt 0:00:43] [#]} 21. Nxh4 ({Better is} 21. Nxf7 $1 $16 Kxf7 22. Rf1) 21... Nxh4 $11 22. Bh7+ Kf8 23. Ne4 {[%emt 0:00:15] aiming for Bb4+.} (23. Nxf7 $5 Kxf7 24. f5 $11) 23... g6 {[%emt 0:07:32][%cal Oe8e4] Strongly threatening ...Rxe4!} 24. Rad1 $2 (24. Bb4+ $15 c5 25. Rad1 (25. Nxc5 Kg7 $15) (25. Bxc5+ Bxc5 26. Qxc5+ Qe7 $15)) 24... Qe7 $40 {[%emt 0:00:44][%mdl 128] Black has strong attack.} 25. Ng3 {[%emt 0:02:27] Against Bf5} Kg7 26. Bxg6 fxg6 27. Bc3+ Kg8 28. e4 {[%emt 0:00:22] Prevents Nf5.} Be6 {[%emt 0:00:35][%cal Oa8d8,Bc8e6,Be6f7,Bf7d5,Bd5g2][%mdl 32] White must now prevent ...Rad8!} 29. f5 {[%emt 0:00:12] [#]} Bf7 {[%emt 0:00:25] Hoping for ...Qg5.} ({Don't play} 29... Bxa2 $6 30. fxg6 Rad8 31. Nf5 Nxf5 32. exf5 Rxd1 33. Qxd1 $11) 30. e5 $2 (30. fxg6 $17 Bxg6 31. Qd2) 30... Bd5 (30... Bxa2 31. Qa4 Bd5 32. f6 Bxg2+ 33. Kh2 Nf3+ 34. Kxg2 Nxe1+ 35. Rxe1 $18) 31. fxg6 $2 (31. f6 Bxg2+ 32. Qxg2 Nxg2 33. fxe7 Nxe1 34. Rxe1) 31... Bxg2+ {[%emt 0:00:22] Black is clearly winning.} 32. Kh2 Qe6 33. Nf5 Qxf5 34. Qxf5 Nxf5 35. Rd7 Bd5 {[%emt 0:00:43] ...Re6 is the strong threat.} 36. Rf1 Ne7 37. e6 Bxe6 38. Rxb7 Rab8 39. Rxb8 Bc7+ {[%emt 0:00:33] This pair of bishops is nice.} 40. Kg1 Bxb8 {[%emt 0:00:01] Weighted Error Value: White=0.63/Black=0.37} 0-1

[Event "DFMM-LV 2023"]
[Site "Braunfels"]
[Date "2023.06.09"]
[Round "1.3"]
[White "Braun, Kristin"]
[Black "Zozulia, Anna"]
[Result "0-1"]
[Annotator "TA"]
[ECO "B32"]
[WhiteElo "1875"]
[BlackElo "2236"]
[PlyCount "52"]
[EventDate "2023.06.09"]
[EventType "team-tourn"]
[EventCountry "GER"]
[SourceTitle "playchess.com"]
[Source "ChessBase"]
[SourceQuality "1"]
[TimeControl "40/5400+30:1800+30"]

1. e4 c5 2. Nf3 Nc6 3. d4 cxd4 4. Nxd4 e5 5. Nb5 d6 6. c4 Be7 7. N1c3 a6 8. Na3 Be6 9. Nc2 Bg5 10. Ne3 Nd4 11. Ne2 Nc6 12. Nc3 Nge7 {[%emt 0:02:59] B32: Sicilian: Löwenthal and Kalashnikov Variations.} 13. Qh5 {[%emt 0:15:24] [#]} Bxe3 $146 ({Predecessor:} 13... h6 14. h4 Bxe3 15. Bxe3 Nd4 16. Qd1 Nec6 17. Bd3 O-O 18. Ne2 f5 19. Bxd4 Nxd4 20. Nxd4 exd4 21. exf5 Bxf5 22. Bxf5 Rxf5 23. Qxd4 {0-1 Pasti,A (2332)-Petrov,M (2523) Miercurea Ciuc GP RO Stage 3 2022 (3)}) 14. Bxe3 O-O {[%emt 0:02:42] The position is equal.} 15. Nd5 b5 16. Bb6 ({Much worse is} 16. cxb5 Bxd5 17. exd5 Nb4 $15) (16. Qd1 $11 {remains equal.}) 16... Qd7 17. Rd1 (17. cxb5 $2 {too greedy.} Bxd5 18. bxc6 (18. exd5 $2 {perishes.} Nb4 $19) 18... Qxc6 19. exd5 Qxb6 $19) (17. Qd1 $17) 17... Bg4 18. Qg5 {[%emt 0:01:26] [#] And now Nf6+ would win.} f6 19. Nxf6+ (19. Qd2 Bxd1 20. Qxd1) 19... Rxf6 $19 20. f3 Be6 21. cxb5 axb5 22. Bxb5 (22. Qd2 {was necessary.}) 22... Qb7 {[%emt 0:04:39] Black is clearly winning.} 23. Bxc6 Nxc6 24. Bf2 Rxa2 25. O-O Bc4 26. Rfe1 Qxb2 {[%emt 0:00:48] White got outplayed after the opening.   Weighted Error Value: White=0.81/Black=0.28 (precise)} 0-1

[Event "DFMM-LV 2023"]
[Site "Braunfels"]
[Date "2023.06.09"]
[Round "1.4"]
[White "Cosma, Elena-Luminita"]
[Black "Dirmeier, Carolin"]
[Result "1-0"]
[Annotator "TA"]
[ECO "A86"]
[WhiteElo "2222"]
[BlackElo "1941"]
[PlyCount "71"]
[EventDate "2023.06.09"]
[EventType "team-tourn"]
[EventCountry "GER"]
[SourceTitle "playchess.com"]
[Source "ChessBase"]
[SourceQuality "1"]
[TimeControl "40/5400+30:1800+30"]

1. d4 f5 2. g3 Nf6 3. Bg2 g6 4. c4 Bg7 5. Nc3 O-O 6. Nh3 Nc6 7. d5 Ne5 {[%emt 0:00:27] A86: Dutch Defence: Leningrad System: Unusual lines and 5 Nh3.} 8. c5 c6 9. Bf4 Nf7 {[%emt 0:03:30] Black has an edge.} 10. O-O {[%emt 0:08:33] [#]} Qa5 $146 ({Predecessor:} 10... e5 11. Be3 Qe7 12. d6 Qe8 13. Ng5 Nd8 14. a4 h6 15. Nf3 g5 16. a5 Ng4 {½-½ Kraemer,M (2436)-Kalinitschew,S (2469) Berlin Unicorn op 2008 (7)}) 11. Rc1 e6 12. dxe6 dxe6 13. Qb3 Kh8 ({Much less strong is} 13... Qxc5 14. Nd5 Qa5 15. Ne7+ Kh8 16. Nxc8 Raxc8 17. Qxb7 $14 (17. Qxe6 Qb5 $11)) 14. Rfd1 e5 15. Bd2 Qc7 ({Resist} 15... Qxc5 16. Nd5 Qd6 17. Bb4 $14) 16. e4 Qe7 17. Ng5 Nxg5 (17... f4 $5 18. Nxf7+ (18. gxf4 exf4 19. Bxf4 Nxg5 $11) 18... Rxf7 $11) 18. Bxg5 Be6 19. Qb4 a5 20. Qa3 Qf7 21. Rd6 Nxe4 (21... f4 $15) 22. Nxe4 $11 fxe4 23. Be3 {[%emt 0:00:52] Active counter play!} Bxa2 24. Bxe4 Bd5 25. Qd3 Be6 26. Rd1 Rfe8 (26... Bg4 {keeps more tension.} 27. Rd2 Bh3 28. Bg2 Be6) 27. Qc3 Qc7 28. Bg5 a4 29. h4 Qf7 30. R1d3 Bf5 {[%emt 0:02:58] [#] Black is weak on the dark squares} (30... Rf8 $11 {keeps the balance.} 31. Qd2 Bg4) 31. Rf3 $1 $16 {[%emt 0:01:39] g4 would be deadly.} Qa2 32. Bxf5 e4 $2 {[%emt 0:01:20] [#]} (32... gxf5 33. Bf6 Bxf6 34. Rxf6 Rad8) 33. Bf6 $1 $18 exf3 (33... Qf7 34. Bxg6) 34. Bxg7+ {[%emt 0:00:06] A strong pair of Bishops. White mates.} Kg8 {[%emt 0:00:12] [#]} 35. Bh6 $1 Re7 {[%emt 0:01:00] [#]} (35... Qf7 36. Bd3) 36. Be6+ $1 {[%emt 0:00:28][%mdl 512] Weighted Error Value: White=0.06 (flawless) /Black=0.44} 1-0

[Event "DFMM-LV 2023"]
[Site "Braunfels"]
[Date "2023.06.09"]
[Round "1.5"]
[White "Ankerst, Milka"]
[Black "Hess, Olena"]
[Result "0-1"]
[Annotator "TA"]
[ECO "B07"]
[WhiteElo "1923"]
[BlackElo "2078"]
[PlyCount "92"]
[EventDate "2023.06.09"]
[EventType "team-tourn"]
[EventCountry "GER"]
[SourceTitle "playchess.com"]
[Source "ChessBase"]
[SourceQuality "1"]
[TimeControl "40/5400+30:1800+30"]

1. e4 d6 2. d4 Nf6 3. Nc3 e5 4. dxe5 dxe5 5. Qxd8+ Kxd8 6. Bg5 Be6 7. O-O-O+ Kc8 8. f3 {[%emt 0:00:00] B07: Pirc Defence: Miscellaneous Systems.} Nbd7 9. Nge2 c6 10. Kb1 {[%emt 0:00:00] The position is equal.} Kc7 {[%emt 0:04:15] [#]} 11. Nc1 $146 ({Predecessor:} 11. g3 h6 12. Be3 Bc5 13. Bxc5 Nxc5 14. Bg2 b5 15. Nc1 Rhd8 16. N3e2 Bc4 17. b3 Bxe2 18. Nxe2 {½-½ Letay,G (1996)-Langer,C (2129) Budapest FS09 FM-A 2012 (6)}) 11... Nc5 12. Nd3 Nfd7 13. Be2 f6 14. Be3 b5 15. Nxc5 Nxc5 16. a3 a5 17. b3 Be7 18. Na2 Rhb8 (18... Bf7 {with more complications.} 19. Kb2 Ne6 20. Nc3 Rhd8) 19. Kb2 Nd7 (19... Na6 {keeps more tension.} 20. g3 b4 21. a4 Bc5) 20. g3 (20. Nc3 {seems wilder.} Nb6 21. h4 a4 22. b4) 20... g6 21. h4 h5 22. Nc1 a4 23. b4 Nb6 24. Bxb6+ Kxb6 25. Nd3 Rd8 26. f4 exf4 27. gxf4 Rd4 28. Nf2 {[%emt 0:00:00] White is now going downhill.} ({Better is} 28. Rhg1 $15) 28... Rad8 $17 {[%emt 0:00:42] Black is more active.} 29. Rxd4 Rxd4 30. Kc3 {[%emt 0:00:00] Prevents Rd2.} (30. Bd3 $17 {is a better defense.}) 30... c5 $19 31. bxc5+ (31. Nd3 $142) 31... Bxc5 {[%emt 0:00:02] Strongly threatening ...Rd8.} 32. Rb1 Bc4 {[%emt 0:00:26] A strong pair of Bishops.} 33. Bf3 (33. Bd3) 33... Rd8 34. Nd3 Bxa3 {[%emt 0:00:18] Threatens to win with ...Bc5.} 35. Nb2 (35. e5 $142) 35... Bxb2+ 36. Kxb2 {[%emt 0:01:35][%mdl 4096] Endgame KRB-KRB} b4 37. Rg1 a3+ 38. Kb1 Bf7 {[%emt 0:01:39] [#] aiming for ...Rd2.} 39. Re1 b3 (39... Rd4 $142 40. Bd1 Bc4) 40. cxb3 Bxb3 {[%emt 0:00:02] White must now prevent ...Rd3.} 41. e5 (41. f5 $142) 41... fxe5 42. fxe5 Re8 43. Re3 {[%emt 0:00:00] [#]} (43. Rg1 $142) 43... a2+ $1 44. Kb2 (44. Ka1 $142 Be6 45. Rc3) 44... Bf7 45. Be2 Kc5 {[%emt 0:00:00] ( -> ...Rb8+)} 46. Bd1 $2 (46. Ka1 $19) 46... Rb8+ {[%emt 0:03:49] Weighted Error Value: White=0.59/Black=0.27 (precise)} 0-1

[Event "DFMM-LV 2023"]
[Site "Braunfels"]
[Date "2023.06.09"]
[Round "1.6"]
[White "Trunz, Michelle"]
[Black "Spiel, Marianne"]
[Result "1-0"]
[Annotator "TA"]
[ECO "D52"]
[WhiteElo "2010"]
[BlackElo "1840"]
[PlyCount "33"]
[EventDate "2023.06.09"]
[EventType "team-tourn"]
[EventCountry "GER"]
[SourceTitle "playchess.com"]
[Source "ChessBase"]
[SourceQuality "1"]
[TimeControl "40/5400+30:1800+30"]

1. d4 Nf6 2. c4 e6 3. Nc3 d5 4. Bg5 c6 5. e3 Nbd7 6. Nf3 Qa5 7. Nd2 dxc4 8. Bxf6 Nxf6 9. Nxc4 Qd8 10. Bd3 {[%emt 0:03:32] [#] D52: Queen's Gambit Declined: Cambridge Springs Variation.} a6 $146 ({Predecessor:} 10... b6 11. O-O Bb7 12. Ne4 Be7 13. Ne5 O-O 14. Qc2 h6 15. Nxc6 Qd7 16. Nxe7+ Qxe7 17. Nxf6+ Qxf6 {1-0 Palencia Morales,W (2260)-Joubert,D (1566) Titled Tuesday intern op 25th Oct Late blitz 2022 (8)}) 11. O-O c5 12. Ne5 (12. Ne4 $14 {was preferrable.}) 12... cxd4 $11 13. Qa4+ Bd7 (13... Nd7 $1 $11 {keeps the balance.} 14. exd4 (14. Qxd4 Nxe5 {[%mdl 64] Remove Defender, Deflection} 15. Qxe5 Qxd3 $11) 14... Be7) 14. Qxd4 $16 Be7 15. Rfd1 {[%emt 0:04:33] White has more active pieces. The black rooks are badly placed.} O-O 16. Nxd7 Qxd7 {[%emt 0:02:52][%mdl 8192] [#]} (16... Nxd7 $16 17. Qxd7 Qxd7 18. Bxh7+ {[%mdl 64] Discovered Attack} Kxh7 19. Rxd7 Bf6) 17. Bxh7+ $1 {[%emt 0:02:20][%mdl 576] Decoy.   Weighted Error Value: White=0.11 (very precise) /Black=0.85} 1-0

[Event "DFMM-LV 2023"]
[Site "Braunfels"]
[Date "2023.06.09"]
[Round "1.7"]
[White "Braeuer, Vanessa"]
[Black "Trunz, Elena"]
[Result "0-1"]
[Annotator "TA"]
[ECO "B86"]
[WhiteElo "1819"]
[BlackElo "2122"]
[PlyCount "82"]
[EventDate "2023.06.09"]
[EventType "team-tourn"]
[EventCountry "GER"]
[SourceTitle "playchess.com"]
[Source "ChessBase"]
[SourceQuality "1"]
[TimeControl "40/5400+30:1800+30"]

1. e4 c5 2. Nc3 d6 3. Bc4 e6 4. Nf3 a6 5. a4 Nf6 6. d4 cxd4 7. Nxd4 Nbd7 {[%emt 0:02:48] Recently 7...Nc6 got a lot of attention. B86: Sicilian Scheveningen/Najdorf: 6 Bc4, without early ...b5.} 8. O-O {[%emt 0:01:57][%cal Oc4e6] Strongly threatening Bxe6!} Nc5 9. Re1 Qc7 {[%emt 0:02:39] White is slightly better.} 10. Ba2 Be7 {[%emt 0:01:28] [#]} 11. b4 $146 (11. Qf3 {looks sharper.} O-O 12. Qg3 Bd7 13. Bh6) ({Predecessor:} 11. f4 O-O 12. f5 e5 13. Nf3 b6 14. Nd5 Nxd5 15. Bxd5 Bb7 16. Bg5 Bxg5 17. Nxg5 {1-0 Yankelevich,L (2004)-Walter,K (1749) GER-ch Net final U14 blitz 2011 (2)}) 11... Ncd7 12. Bb2 {[%emt 0:00:40][%cal Oa2e6] White wants to play Bxe6!} Ne5 13. Qe2 (13. a5 $11) 13... O-O (13... Qb6 $15 14. Red1 Qxb4) 14. b5 Bd7 15. Kh1 Ng6 16. Qd2 Qc5 17. Nb3 Qh5 18. f3 Rac8 19. bxa6 bxa6 20. Ne2 {[%emt 0:02:05] [#]} (20. Nc1 $15) 20... Bxa4 (20... d5 $1 $17 21. e5 Nxe5) 21. Ng3 (21. Nbd4 $11 {keeps the balance.}) 21... Qh4 22. Nd4 Bd7 {[%emt 0:03:01] Black is more active.} 23. Bb3 Nh5 24. Nxh5 Qxh5 25. Ne2 (25. Rxa6 $11 Bh4 26. Rea1) 25... Bb5 $17 26. Ra5 {[%emt 0:02:26][%cal Oc2c4] [#]} d5 27. Ng3 (27. exd5 $142 exd5 28. Ng3) 27... Qh4 28. exd5 $2 {[%emt 0:00:35] White does not recover from this.} (28. Raa1 $17) 28... Bb4 $19 {[%emt 0:01:11][%cal Be7b4,Bb4a5,Ba5c7,Bc7f4,Bf4c1][%mdl 96] Skewer, Double Attack} 29. c3 $2 (29. Qc1 Bxa5 30. Re4) 29... Bxa5 30. dxe6 Bc7 31. exf7+ Kh8 32. Re4 Bf4 33. Qd4 Qh6 34. Bc1 Bxc1 35. Nf5 {[%emt 0:00:11] [#]} Rcd8 $1 36. Qb6 (36. Qxd8 Rxd8) 36... Qg5 37. g4 Bd3 38. h4 Nxh4 39. Re7 Rc8 (39... Nxf3 {leads to mate.} 40. Qxd8) 40. Qb7 Bxf5 41. gxf5 Qg2# {[%emt 0:30:14] A cool game by Trunz.   Weighted Error Value: White=0.67/Black=0.14 (very precise)} 0-1

[Event "DFMM-LV 2023"]
[Site "Braunfels"]
[Date "2023.06.09"]
[Round "1.8"]
[White "Moeller, Lisa-Marie"]
[Black "Albayrak, Aylin"]
[Result "1/2-1/2"]
[Annotator "NA RC COMBH"]
[ECO "B30"]
[WhiteElo "1897"]
[BlackElo "1690"]
[PlyCount "130"]
[EventDate "2023.06.09"]
[EventType "team-tourn"]
[EventCountry "GER"]
[SourceTitle "playchess.com"]
[Source "ChessBase"]
[SourceQuality "1"]
[TimeControl "40/5400+30:1800+30"]

1. e4 c5 2. Nf3 Nc6 3. Bb5 Nd4 4. Nxd4 cxd4 5. O-O e5 6. d3 Nf6 7. f4 Qa5 8. fxe5 Nxe4 9. Bc4 d5 10. Bb3 Nc5 11. Bxd5 Be6 12. Qf3 Qc7 13. Bxe6 Nxe6 14. Nd2 Bc5 15. Ne4 O-O 16. Qf5 Be7 17. Rf3 Rad8 18. Rh3 g6 19. Nf6+ Bxf6 20. Qxf6 Rd5 21. Bh6 Re8 22. Rf1 Qe7 23. Rhf3 Rd7 24. Qxe7 Rdxe7 25. Bf4 Rc7 26. R1f2 Nxf4 27. Rxf4 Rxe5 28. Rxd4 Re1+ 29. Rf1 Rxf1+ 30. Kxf1 Rxc2 31. Rb4 b6 32. d4 Kf8 33. Ra4 a5 34. b4 Rc4 35. Ra3 Rxb4 36. Rd3 Ke7 37. Rd2 Kd6 38. Ke2 Kd5 39. Ke3 Ra4 40. g3 f5 41. h3 g5 42. Rb2 Ra3+ 43. Kf2 Kxd4 44. Rxb6 Rxa2+ 45. Kf3 Ra3+ 46. Kf2 h5 47. Rh6 Ra2+ 48. Kf3 g4+ 49. hxg4 hxg4+ 50. Kf4 Rf2+ 51. Kg5 Ke5 52. Ra6 Ra2 53. Rf6 Rf2 54. Ra6 Ke4 55. Rxa5 Rf3 56. Ra4+ Ke3 57. Kh4 Kf2 58. Ra2+ Kg1 59. Ra1+ Rf1 60. Ra2 Rf2 61. Ra3 Kg2 62. Rb3 Kh1 63. Ra3 Kg2 64. Rb3 Re2 65. Rb5 Rf2 1/2-1/2

[Event "DFMM-LV 2023"]
[Site "Braunfels"]
[Date "2023.06.09"]
[Round "1.9"]
[White "Li, Zhuoling"]
[Black "Rath, Alina"]
[Result "1-0"]
[Annotator "TA"]
[ECO "B65"]
[WhiteElo "2216"]
[BlackElo "2051"]
[PlyCount "55"]
[EventDate "2023.06.09"]
[EventType "team-tourn"]
[EventCountry "GER"]
[SourceTitle "playchess.com"]
[Source "ChessBase"]
[SourceQuality "1"]
[TimeControl "40/5400+30:1800+30"]

1. e4 c5 2. Nf3 d6 3. d4 cxd4 4. Nxd4 Nf6 5. Nc3 Nc6 6. Bg5 e6 7. Qd2 Be7 8. O-O-O O-O 9. f4 Nxd4 10. Qxd4 Qa5 11. Kb1 Rd8 12. h4 {[%emt 0:00:51] B65: Sicilian: Richter-Rauzer: 7...Be7 8 0-0-0 0-0 9 f4 Nxd4.} h6 13. Qe3 a6 {[%emt 0:06:23] [#]} (13... hxg5 $2 14. hxg5 g6 15. Qh3 $18 (15. gxf6 Bxf6 16. Nb5 Qb6 $16)) (13... Bd7 $11 {keeps the balance.}) 14. Be2 $1 {[%emt 0:05:33][%cal Oe3g3] [#] White is better.} Kf8 $146 (14... hxg5 $2 15. hxg5 $18) (14... Qc7 $142) (14... Qc5 15. Qxc5) ({Predecessor:} 14... Rd7 15. f5 Qc5 16. fxe6 fxe6 17. Qg3 Kh8 18. Be3 Qa5 19. Qf2 Bd8 20. g4 b5 {1-0 Comp Gandalf-Blokhuis,J (2180) The Hague AEGON 1997 (5)}) 15. e5 $16 ({Of course not} 15. Bxf6 $6 Bxf6 16. g4 Bd7 $11) 15... dxe5 16. fxe5 (16. Bxh6 $16 Rxd1+ 17. Rxd1) 16... Rxd1+ $1 $14 17. Bxd1 Ng8 {[%emt 0:14:45] This costs Black the game.} ({But not} 17... hxg5 18. exf6 Bxf6 19. hxg5 Bxc3 20. bxc3 $16) (17... Nd5 $1 $11 {and Black has nothing to worry.} 18. Nxd5 exd5) 18. Bxe7+ $1 $18 Nxe7 19. Bh5 {[%emt 0:03:49] aiming for Qf4.} Nc6 20. Rf1 Nxe5 21. Bxf7 Nxf7 (21... Ke7 {might work better.} 22. Bh5 Bd7) 22. Qf4 {[%emt 0:00:05][%csl Gf1][%cal Rf4f7] White is clearly winning.} Qh5 {[%emt 0:02:19] And now ...e5 would win.} 23. g4 $1 Qg6 {[%emt 0:00:38][%cal Oe6e5] [#] Hoping for ...e5!} 24. Qc7 Kg8 (24... Ke8 $2 25. h5) 25. h5 Qxg4 26. Qxf7+ Kh7 27. Rd1 {[%emt 0:10:35] Rd8 would kill now.} e5 {[%emt 0:17:12] [#]} 28. Rd8 $1 {[%emt 0:01:39] Weighted Error Value: White=0.09 (flawless) /Black=0.45} 1-0

[Event "DFMM-LV 2023"]
[Site "Braunfels"]
[Date "2023.06.09"]
[Round "1.10"]
[White "Skogvall, Martina"]
[Black "Meier, Annemarie"]
[Result "0-1"]
[Annotator "TA"]
[ECO "B33"]
[WhiteElo "1979"]
[BlackElo "2258"]
[PlyCount "56"]
[EventDate "2023.06.09"]
[EventType "team-tourn"]
[EventCountry "GER"]
[SourceTitle "playchess.com"]
[Source "ChessBase"]
[SourceQuality "1"]
[TimeControl "40/5400+30:1800+30"]

1. e4 c5 2. Nf3 Nc6 3. d4 cxd4 4. Nxd4 Qb6 5. Nb3 Nf6 6. Nc3 e6 7. Be3 Qc7 8. a3 d6 9. Be2 a6 10. O-O Be7 11. f4 b5 12. Bf3 Bb7 13. Qe1 O-O {[%emt 0:00:00] B33: Sicilian: Pelikan and Sveshnikov Variations.} 14. Qg3 b4 15. Na4 (15. axb4 {was preferrable.} Nxb4 16. Rf2) 15... Nd7 {[%emt 0:00:00] [#] Black has an edge.} 16. f5 $146 ({Predecessor:} 16. axb4 Nxb4 17. c3 Nc2 18. Bd4 e5 19. fxe5 dxe5 20. Ra2 Qc4 21. Nc1 Nxd4 22. cxd4 Qxd4+ {0-1 Langer,M (2302)-Annakov,B (2566) Ken Smith Memorial op 2001 (1)}) 16... exf5 17. exf5 Nce5 18. Bxb7 Qxb7 19. Bh6 Bf6 20. Bxg7 $2 Bxg7 $19 21. f6 {[%emt 0:00:00] [#]} Nxf6 $1 22. Rxf6 Rac8 {[%emt 0:00:00] Dancing on a razor blade.} (22... Kh8 $17 23. Rff1 (23. Rxd6 bxa3 24. Rxa3 Nc4 $17) 23... Rg8) 23. Nd4 $2 ({Better is} 23. axb4 $15 Rxc2 24. Nd4) 23... Qa7 24. c3 bxc3 25. bxc3 Rc4 {[%emt 0:00:00] [#] And now ...Rxd4 would win.} 26. Rxd6 Rxa4 27. Kh1 Ng6 28. h4 Qc5 {[%emt 0:00:00] Weighted Error Value: White=0.74/Black=0.22 (precise)} 0-1